 Dungeon Crawl Stone Soup version 0.26-a0-682-g294304f6e8 (webtiles) character file.

Game seed: 5950600117618084271

225 Decritt the Covered (level 5, -2/50 HPs)
             Began as a Deep Dwarf Fighter on Oct 20, 2020.
             Splashed by a jelly's acid (8 damage)
             ... on level 5 of the Dungeon.
             The game lasted 00:09:03 (2003 turns).

Decritt the Covered (Deep Dwarf Fighter)            Turns: 2003, Time: 00:09:03

Health: -2/50      AC: -20   Str: 20    XL:     5   Next: 68%
Magic:  1/1        EV:  5    Int:  9    God:
Gold:   232        SH:  9    Dex: 12    Spells: 4/4 levels left

rFire    + . .     SeeInvis .   s - +1 mace (vorpal)
rCold    . . .     Faith    .   c - +0 kite shield
rNeg     + . .     Spirit   .   b - +0 scale mail
rPois    .         Reflect  .   (no helmet)
rElec    .         Harm     .   (no cloak)
rCorr    .         Rampage  .   (no gloves)
MR       .....                  (no boots)
Stlth    ..........             (no amulet)
HPRegen  0.00/turn              q - ring of positive energy
MPRegen  0.07/turn              t - ring of protection from fire

@: corroded, non-regenerating, constricted
A: damage resistance, heal wounds, sense surroundings 1, no regeneration
a: Heal Wounds


You were on level 5 of the Dungeon.
You visited 1 branch of the dungeon, and saw 5 of its levels.

You collected 232 gold pieces.

Inventory:

Hand Weapons
 a - a +0 war axe
 j - a +1 short sword of venom
 s - a +1 vorpal mace (weapon)
Armour
 b - a +0 scale mail (worn)
 c - a +0 kite shield (worn)
Jewellery
 q - a ring of positive energy (left hand)
 t - a ring of protection from fire (right hand)
Scrolls
 e - 3 scrolls of remove curse
 g - 2 scrolls of immolation {unknown}
 l - a scroll of enchant weapon {unknown}
 m - a scroll of teleportation
 n - a scroll of blinking {unknown}
 p - a scroll of random uselessness {unknown}
 u - a scroll of enchant armour {unknown}
Potions
 d - a potion of might
 f - a potion of haste
 h - a potion of berserk rage
 i - a potion of cancellation
 k - 3 potions of heal wounds
 o - a potion of flight
 v - 2 potions of curing


   Skills:
 * Level 3.8 Fighting
 * Level 4.0 Axes
 + Level 4.0 Armour
 + Level 2.0 Dodging
 + Level 4.0 Shields


You had 4 spell levels left.
You didn't know any spells.
Your spell library was empty.

Dungeon Overview and Level Annotations

Branches:
Dungeon (6/15)
 Temple: D:4-7

Altars:
Yredelemnul


Innate Abilities, Weirdness & Mutations

You are resistant to damage.
You can heal yourself by infusing magical energy.
You passively map a small area around you.
You do not regenerate.


Message History

The ball python constricts you. The jelly hits you.
You are splashed with acid.
The orc hits you with a +0 flail.
You hit the orc but do no damage. You block the ball python's attack.
The ball python constricts you. The ball python bites you.
The ball python constricts you. You block the jelly's attack.
The orc hits you with a +0 flail!
* * * LOW HITPOINT WARNING * * *
You closely miss the orc. The ball python closely misses you.
The ball python constricts you. The jelly barely misses you.
You block the orc's attack. The ball python bites you.
The ball python constricts you.
You hit the orc but do no damage. The jelly hits you.
* * * LOW HITPOINT WARNING * * *
You are splashed with acid!
* * * LOW HITPOINT WARNING * * *
The ball python barely misses you. The ball python constricts you.
The orc hits you with a +0 flail.
* * * LOW HITPOINT WARNING * * *
The jelly hits you.
You are splashed with acid!
You die...

#.........#####
#..............
#..........###.
#..........#
#..........#
#.........## ,
#.oo....### *
##SJo.###
##@### ### * *


You could see a jelly, 3 orcs and a ball python.

Vanquished Creatures
  An orc wizard (D:3)
  An orc priest (D:5)
  10 adders
  A worm (D:2)
  2 leopard geckos (D:3)
  4 orcs (D:3)
  2 ball pythons
  3 giant cockroaches
  2 gnoll zombies (D:2)
  8 goblins
  10 hobgoblins
  10 kobolds
  9 bats
  8 frilled lizards
  2 rats
73 creatures vanquished.

Vanquished Creatures (others)
  5 fungi (D:5)
  5 plants (D:5)
10 creatures vanquished.

Grand Total: 83 creatures vanquished

Notes
Turn   | Place    | Note
-------+----------+-------------------------------------------
     0 | D:1      | Decritt the Deep Dwarf Fighter began the quest for the Orb.
     0 | D:1      | Reached XP level 1. HP: 20/20 MP: 1/1
   186 | D:1      | Reached XP level 2. HP: 27/27 MP: 2/2
   674 | D:2      | Reached XP level 3. HP: 21/34 MP: 3/3
   698 | D:2      | Reached skill level 1 in Dodging
  1019 | D:2      | Reached XP level 4. HP: 40/42 MP: 4/4
  1334 | D:2      | Found a basalt altar of Yredelemnul.
  1562 | D:3      | Reached XP level 5. HP: 33/49 MP: 4/4
  1933 | D:3      | You fall into a shaft and drop 3 floors!
  1946 | D:5      | Entered Level 5 of the Dungeon
  2003 | D:5      | Splashed by a jelly's acid

Illustrated notes

Levels and vault maps discovered:
D:1:      lightli_arrival_statuegarden, layout_basic
D:2:      layout_basic, lemuel_zombie_altar_yredelemnul, bh_walls_and_bars
D:3:      layout_basic
D:5:      old_forge, layout_cave_pods, zin_treasury,
          nicolae_dithmenos_shadow_blocks
D:6:      layout_loops_ring, lemuel_crystal_altar, overflow_temple_1_default,
          ebering_ghost_inner_flame

Skill      XL: |  1  2  3  4  5 |
---------------+----------------+-----
Fighting       | 3 |  3.8
Dodging        | 1 2 |  2.0
Axes           | 3 4 |  4.0
Armour         | 4 |  4.0
Shields        | 4 |  4.0

Action                   |  1- 3 |  4- 6 || total
-------------------------+-------+-------++-------
Melee: War axe           |    32 |       ||    32
       Short sword       |    65 |       ||    65
       Mace              |    15 |   110 ||   125
Throw: Throwing net      |       |     3 ||     3
 Abil: Heal Wounds       |     2 |     7 ||     9
  Use: Scroll            |     6 |     2 ||     8
Armor: Scale mail        |    56 |    58 ||   114
Dodge: Dodged            |    31 |    53 ||    84
Block: Kite shield       |    52 |    86 ||   138

Table legend: (Time is in decaauts)
 A = Elapsed time spent in this place.
 B = Non-inter-level travel time spent in this place.
 C = Inter-level travel time spent in this place.
 D = Time resting spent in this place.
 E = Time spent auto-exploring this place.
 F = Levels seen in this place.
 G = Mean time per level.
                   A        B        C        D        E       F      G
               +--------+--------+--------+--------+--------+-----+--------+
         Total |   2088 |   2041 |     47 |      0 |   1426 |   5 |  417.6 |
       Dungeon |   2088 |   2041 |     47 |      0 |   1426 |   5 |  417.6 |
               +--------+--------+--------+--------+--------+-----+--------+

Top non-repeatable levels by time:
     D:2: 842 daAuts
     D:1: 643 daAuts
     D:3: 524 daAuts
     D:5: 64 daAuts
     D:6: 12 daAuts
